 Dungeon Crawl Stone Soup version 0.23.2-1-ga50397a (webtiles) character file.

Game seed: 1142899784058237976

7458 snowfan the Nimble (level 10, 0/50 HPs)
             Began as a Deep Elf Air Elementalist on Apr 16, 2019.
             Was a High Priest of Sif Muna.
             Slain by Snorg (24 damage)
             ... on level 10 of the Dungeon.
             The game lasted 00:57:41 (13858 turns).

snowfan the Nimble (Deep Elf Air Elementalist)     Turns: 13858, Time: 00:57:42

Health: 0/50       AC:  5    Str:  5    XL:     10   Next: 94%
Magic:  2/23       EV: 21    Int: 24    God:    Sif Muna [*****.]
Gold:   397        SH:  0    Dex: 15    Spells: 6/24 levels left

rFire    . . .     SeeInvis +   q - +6 dagger of Luxury {drain, *Rage rC+ MR+}
rCold    + . .     Gourm    .   (no shield)
rNeg     . . .     Faith    +   f - +2 robe {MR+}
rPois    .         Spirit   .   D - +0 hat
rElec    .         Reflect  .   (no cloak)
rCorr    .         Harm     .   v - +0 pair of gloves
MR       +++..     Rnd*Rage +   (no boots)
Stlth    ++........             C - amulet of faith
HPRegen  0.16/turn              w - ring of see invisible
MPRegen  0.18/turn              z - ring of wizardry

@: swift, hasted, divine energy, very quick
A: no striking features
a: Stop Divine Energy, Channel Magic, Forget Spell, Renounce Religion


You were on level 10 of the Dungeon.
You worshipped Sif Muna.
Sif Muna was extremely pleased with you.
You were hungry.

You visited 2 branches of the dungeon, and saw 11 of its levels.

You collected 765 gold pieces.
You spent 368 gold pieces at shops.

Inventory:

Hand Weapons
 l - a +0 short sword of speed
 q - the +6 dagger of Luxury (weapon) {drain, *Rage rC+ MR+}
   (You took it off a kobold on level 9 of the Dungeon)

   A truly terrible weapon, it drains the life of those it strikes.
   It protects you from cold.
   It affects your resistance to hostile enchantments.
   It may make you go berserk in combat.
 x - a +2 dagger of holy wrath
Armour
 f - a +2 robe of magic resistance (worn)
 v - a +0 pair of gloves (worn)
 D - a +0 hat (worn)
Jewellery
 w - a ring of see invisible (left hand)
 z - a ring of wizardry (right hand)
 C - an amulet of faith (around neck)
 H - an uncursed ring of positive energy
Wands
 u - a wand of random effects (20)
 B - a wand of disintegration (16)
 I - a wand of iceblast (6)
Scrolls
 a - 2 scrolls of teleportation {unknown}
 b - 13 scrolls of identify
 h - 6 scrolls of fog {unknown}
 i - a scroll of enchant weapon {unknown}
 j - a scroll of noise {unknown}
 n - 3 scrolls of blinking {unknown}
 t - 2 scrolls of remove curse {unknown}
 y - 2 scrolls of magic mapping {unknown}
 E - 3 scrolls of fear {unknown}
 G - a scroll of vulnerability {unknown}
Potions
 d - a potion of agility
 e - 3 potions of lignification
 k - 5 potions of curing
 m - 2 potions of haste
 o - 3 potions of flight
 r - a potion of resistance {unknown}
 s - a potion of degeneration {unknown}
 A - 3 potions of heal wounds
 F - a potion of magic {unknown}
 J - a potion of mutation {unknown}
 K - 2 potions of berserk rage {unknown}
Miscellaneous
 g - a phial of floods
 p - a box of beasts
 M - a phial of floods
Comestibles
 c - 21 rations
 L - 3 chunks of flesh


   Skills:
 - Level 12.1 Dodging
 - Level 2.4 Stealth
 - Level 7.8 Spellcasting
 - Level 6.1 Conjurations
 + Level 6.7 Hexes
 - Level 4.0 Charms
 - Level 9.6 Air Magic


You had 6 spell levels left.
You knew the following spells:

 Your Spells              Type           Power        Failure   Level  Hunger
a - Shock                 Conj/Air       ####         1%          1    None
b - Swiftness             Chrm/Air       #####...     1%          2    None
c - Airstrike             Air            ######....   1%          4    ###....
d - Tukima's Dance        Hex            #####...     1%          3    None
q - Static Discharge      Conj/Air       #####...     1%          3    None
s - Lightning Bolt        Conj/Air       #####.....   2%          5    #####..

Your spell library contained the following spells:

 Spells                   Type           Power        Failure   Level  Hunger
 Corona                   Hex            #####..      1%          1    None
 Ensorcelled Hibernation  Hex/Ice        ####..       1%          2    None
 Confuse                  Hex            #####...     1%          3    None
 Dazzling Spray           Conj/Hex       #####.       1%          3    None
 Beastly Appendage        Tmut           #.....       2%          1    None
 Sticks to Snakes         Tmut           #.......     4%          2    None
 Spider Form              Tmut/Pois      #.........   9%          3    None
 Ice Form                 Ice/Tmut       #.......     26%         4    ###....
 Blade Hands              Tmut           #.........   56%         5    #####..


Dungeon Overview and Level Annotations

Branches:
Dungeon (10/15)            Temple (1/1) D:4            Lair (0/6) D:8
    Orc (0/2) D:9

Altars:
Ashenzari
Cheibriados
Dithmenos
Elyvilon
Fedhas
Gozag
Hepliaklqana
Kikubaaqudgha
Makhleb
Nemelex Xobeh
Okawaru
Qazlal
Ru
Sif Muna
Trog
Uskayaw
Vehumet
Wu Jian
Xom
Yredelemnul
Zin
The Shining One

Shops:
D:5 =   D:6 !   D:8 =

Annotations:
D:5 2 transporters, cklessthan3's ghost, novice SpAs
D:10 2 runed translucent doors, Flogoulo's ghost, journeyman FoFi; Snorg


Message History

You are feeling hungry.
The phantom blinks!
Snorg goes berserk!
Found a stone staircase leading down.
You regain access to your magic.
The phantom misses you.
Casting: Lightning Bolt (safe; 2% risk of failure)
Confirm with . or Enter, or press ? or * to list all spells.
You feel quick. Sif Muna grants you divine energy.
You briefly lose access to your magic!
Snorg barely misses you. Snorg completely misses you. Snorg barely misses you.
The adder misses you.
The phantom blinks!
Snorg closely misses you. Snorg claws you! Snorg completely misses you.
The adder bites you.
You regain access to your magic.
The phantom blinks!
Snorg bites you but does no damage. Snorg claws you!
Snorg completely misses you.
You feel yourself speed up. Snorg bites you!!
You die...

#########################
....)...................
.###...#......#...##..##.
.........................
......W.......sS.........
......#.....##.>#T......#
................@........
...######....###########.
...#....#....#.....##..##
.#.#....#.##.#.....+.♣..♣### ##
...#....# #.....#.Z....8#...
...'.# #..##.#####....[..
..##.#########[^##.....##.8####
#.#..........<.......⌠..#V..8#.
..#....................##W8####


You could see Snorg (berserk), a scorpion and an adder.

Vanquished Creatures
  Pikel (D:6)
  A centaur skeleton (D:10)
  Grinder (D:6)
  2 trolls
  Prince Ribbit (D:7)
  2 yaks (D:10)
  Eustachio (D:5)
  2 hungry ghosts
  A water moccasin (D:8)
  6 orc warriors
  4 slaves (D:6)
  5 black bears
  3 sky beasts
  4 ogres
  3 ice beasts
  7 centaurs
  2 big kobolds (D:9)
  A gnoll sergeant (D:6)
  4 bullfrogs
  4 scorpions
  3 killer bees (D:7)
  12 wights (D:9)
  3 howler monkeys
  A crimson imp (D:8)
  A bullfrog zombie (D:8)
  3 hounds
  A quasit (D:9)
  2 bullfrog skeletons
  A centaur zombie (D:10)
  4 orc priests
  A jelly (D:9)
  11 orc wizards
  Jessica (D:2)
  5 worker ants
  A hound zombie (D:7)
  A howler monkey skeleton (D:4)
  14 gnolls
  6 adders
  An adder zombie (D:8)
  2 worms
  A dart slug (D:1)
  4 leopard geckos
  39 orcs
  4 giant cockroaches
  6 goblins
  11 hobgoblins
  7 jackals
  15 kobolds
  4 quokkas
  4 ball pythons
  8 bats
  5 frilled lizards
  A jackal skeleton (D:5)
  8 rats
246 creatures vanquished.

Vanquished Creatures (others)
  24 plants (D:9)
24 creatures vanquished.

Grand Total: 270 creatures vanquished

Notes
Turn   | Place    | Note
-------+----------+-------------------------------------------
     0 | D:1      | snowfan the Deep Elf Air Elementalist began the quest for
                  | the Orb.
     0 | D:1      | Reached XP level 1. HP: 10/10 MP: 6/6
   128 | D:1      | Reached skill level 3 in Dodging
   128 | D:1      | Reached XP level 2. HP: 15/15 MP: 1/8
   973 | D:2      | Reached XP level 3. HP: 19/19 MP: 4/9
   997 | D:2      | Reached skill level 4 in Dodging
  1202 | D:2      | Noticed Jessica
  1209 | D:2      | Killed Jessica
  1277 | D:2      | Reached XP level 4. HP: 24/24 MP: 8/10
  1376 | D:2      | Found a faded altar of an unknown god.
  1923 | D:3      | Learned a level 2 spell: Swiftness
  2363 | D:3      | Reached skill level 5 in Dodging
  2586 | D:3      | Reached XP level 5. HP: 28/28 MP: 1/11
  2868 | D:3      | Learned a level 4 spell: Airstrike
  2872 | D:3      | Learned a level 3 spell: Static Discharge
  3284 | D:4      | Noticed an ogre
  3318 | D:4      | Reached skill level 6 in Dodging
  3319 | D:4      | Killed an ogre
  3319 | D:4      | Reached XP level 6. HP: 21/32 MP: 1/12
  3835 | D:4      | Found a staircase to the Ecumenical Temple.
  3846 | Temple   | Entered the Ecumenical Temple
  3918 | Temple   | Became a worshipper of Sif Muna the Loreminder
  4129 | D:4      | Reached skill level 7 in Dodging
  4422 | D:4      | Reached skill level 5 in Air Magic
  4587 | D:5      | Entered Level 5 of the Dungeon
  4587 | D:5      | Found Kiduzin's Jewellery Shop.
  4594 | D:5      | Bought a cursed amulet of inaccuracy for 22 gold pieces
  4594 | D:5      | Bought a cursed -3 ring of slaying for 22 gold pieces
  4597 | D:5      | Noticed Eustachio
  4618 | D:5      | Killed Eustachio
  4618 | D:5      | Reached skill level 8 in Dodging
  4618 | D:5      | Reached XP level 7. HP: 34/36 MP: 0/13
  4828 | D:5      | Bought an uncursed ring of see invisible for 165 gold
                  | pieces
  4897 | D:5      | Found a transporter.
  4897 | D:5      | Noticed cklessthan3's ghost (novice SpAs)
  4900 | D:5      | Found a transporter.
  5661 | D:6      | Reached * piety under Sif Muna
  6015 | D:5      | Reached XP level 8. HP: 41/41 MP: 6/15
  6066 | D:6      | Noticed Grinder
  6079 | D:6      | Killed Grinder
  6079 | D:6      | Reached skill level 9 in Dodging
  6371 | D:6      | Learned a level 5 spell: Lightning Bolt
  6472 | D:6      | Found a bloodstained altar of Trog.
  6500 | D:6      | Found Qogova Lyoc's Distillery.
  6508 | D:6      | Bought a potion of heal wounds for 75 gold pieces
  6831 | D:6      | Noticed Pikel
  6892 | D:7      | Noticed Prince Ribbit
  7182 | D:6      | Killed Pikel
  7182 | D:6      | Reached ** piety under Sif Muna
  7182 | D:6      | Reached skill level 10 in Dodging
  7182 | D:6      | Reached skill level 5 in Spellcasting
  7182 | D:6      | Reached XP level 9. HP: 6/45 MP: 0/19
  7587 | D:7      | Found a snail-covered altar of Cheibriados.
  8431 | D:7      | Killed Prince Ribbit
  8493 | D:8      | Reached skill level 11 in Dodging
  8811 | D:8      | Found a staircase to the Lair.
  8911 | D:8      | Reached skill level 5 in Conjurations
  8914 | D:8      | Reached *** piety under Sif Muna
  9105 | D:8      | Found a radiant altar of Vehumet.
  9585 | D:8      | Reached skill level 1 in Charms
  9682 | D:8      | Found Mouhoerr's Jewellery Shoppe.
  9694 | D:8      | Bought a cursed ring of teleportation for 58 gold pieces
  9694 | D:8      | Bought a cursed -2 ring of strength for 26 gold pieces
  9852 | D:9      | Found a glowing golden altar of the Shining One.
  9925 | D:8      | Reached XP level 10. HP: 39/50 MP: 0/22
 10623 | D:9      | Reached **** piety under Sif Muna
 11788 | D:9      | Identified the +6 dagger of Luxury {drain, *Rage rC+ MR+}
 11803 | D:9      | Reached skill level 12 in Dodging
 12014 | D:9      | Found an iron altar of Okawaru.
 12015 | D:9      | Found an ancient bone altar of Kikubaaqudgha.
 12015 | D:9      | Found a glowing silver altar of Zin.
 12015 | D:9      | Found a stormy altar of Qazlal.
 12065 | D:9      | Found a hazy altar of Hepliaklqana.
 12067 | D:9      | Found an opulent altar of Gozag.
 12467 | D:9      | Learned a level 3 spell: Tukima's Dance
 12486 | D:9      | Reached skill level 1 in Hexes
 13047 | D:9      | Found a staircase to the Orcish Mines.
 13347 | D:10     | Entered Level 10 of the Dungeon
 13347 | D:10     | Found a runed translucent door.
 13354 | D:10     | Found a runed translucent door.
 13479 | D:10     | Noticed a skeletal warrior
 13479 | D:10     | Noticed a deep troll
 13480 | D:10     | Noticed a lich
 13480 | D:10     | Noticed a shining eye
 13480 | D:10     | a deep troll changed into a shining eye
 13480 | D:10     | Noticed a vampire knight
 13481 | D:10     | Noticed a necromancer
 13481 | D:10     | Noticed Flogoulo's ghost (journeyman FoFi)
 13483 | D:10     | Noticed a swamp dragon
 13483 | D:10     | a shining eye changed into a swamp dragon
 13486 | D:10     | a swamp dragon changed into a wind drake
 13594 | D:10     | Reached ***** piety under Sif Muna
 13594 | D:10     | Reached skill level 5 in Hexes
 13840 | D:10     | Noticed Snorg
 13858 | D:10     | Slain by Snorg

Skill      XL: |  1  2  3  4  5  6  7  8  9 10 |
---------------+-------------------------------+-----
Dodging        | 3 4 5 6 8 10 11 12 | 12.1
Air Magic      | 4 5 6 7 8 9 |  9.6
Conjurations   | 2 3 5 6 |  6.1
Spellcasting   | 5 6 7 |  7.8
Charms         | 1 4 |  4.0
Hexes          | 6 |  6.7
Stealth        | |  2.4

Action                   |  1- 3 |  4- 6 |  7- 9 | 10-12 || total
-------------------------+-------+-------+-------+-------++-------
Melee: Short sword       |     8 |     1 |     5 |    10 ||    24
       Dagger            |       |       |       |     4 ||     4
 Fire: Hunting sling     |     2 |       |       |       ||     2
 Cast: Shock             |    54 |   122 |   172 |    25 ||   373
       Airstrike         |       |     4 |    45 |   109 ||   158
       Swiftness         |       |     3 |     3 |     1 ||     7
       Static Discharge  |       |       |    27 |     4 ||    31
       Lightning Bolt    |       |       |    11 |    24 ||    35
Invok: Divine Energy     |       |       |     1 |       ||     1
  Use: Potion            |       |       |     8 |     1 ||     9
       Scroll            |       |       |     1 |       ||     1
 Stab: Sleeping          |     1 |       |       |       ||     1
  Eat: Chunk             |     1 |    11 |    15 |    21 ||    48
       Ration            |       |       |     3 |     1 ||     4
Armor: Robe              |     5 |     7 |     5 |     9 ||    26
       Skin              |       |       |     4 |       ||     4
Dodge: Dodged            |    16 |    47 |    44 |    68 ||   175
